 Dungeon Crawl Stone Soup version 0.31.0-12-g77e489cdc1 (webtiles) character file.

Game seed: 14256889191583213159

56 Silvore the Trooper (level 3, -1/29 HPs)
             Began as a Demonspawn Fighter on Feb 12, 2024.
             Slain by an orc
             ... wielding a +2 dagger of electrocution
              (20 damage)
             ... on level 2 of the Dungeon.
             The game lasted 00:01:02 (1283 turns).

Silvore the Trooper (Demonspawn Fighter)            Turns: 1283, Time: 00:01:02

Health: -1/29      AC: 14    Str: 18    XL:     3   Next: 71%
Magic:  3/3        EV:  9    Int:  8    God:
Gold:   70         SH:  4    Dex: 12    Spells: 2/2 levels left

rFire   + . .        a - +0 long sword
rCold   . . .        c - +0 buckler
rNeg    . . .        b - +0 scale mail
rPois   .            (no helmet)
rElec   .            (no cloak)
rCorr   .            (no gloves)
SInv    .            i - +0 pair of boots
Will    .....        (no amulet) Stlth
                     e - ring of protection from fire
HPRegen 0.24/turn    g - +4 ring of slaying
MPRegen 0.08/turn

%: no passive effects
@: sanguine armoured
A: sanguine armour 1
a: no special abilities


You were on level 2 of the Dungeon.
You visited 1 branch of the dungeon, and saw 2 of its levels.

You collected 70 gold pieces.

Inventory:

Hand Weapons
 a - a +0 long sword (weapon)
Armour
 b - a +0 scale mail (worn)
 c - a +0 buckler (worn)
 i - a +0 pair of boots (worn)
Jewellery
 e - a ring of protection from fire (left hand)
 g - a +4 ring of slaying (right hand)
Potions
 d - a potion of might
 h - a potion of enlightenment {unknown}


   Skills:
 + Level 3.4 Fighting
 + Level 2.5 Long Blades
 + Level 3.2 Armour
 + Level 0.1 Dodging
 + Level 0.1 Stealth
 + Level 2.9 Shields


You had 2 spell levels left.
You didn't know any spells.
Your spell library was empty.

Dungeon Overview and Level Annotations

Branches:
Dungeon (2/15)

Altars:


Innate Abilities, Weirdness & Mutations

When seriously injured, your blood forms armour. (AC +6)


Message History

The adder hisses angrily.
An orc comes into view. It is wielding a +0 mace.
The orc moves out of view.
You see here 7 gold pieces.
The orc barely misses you.
You slash the adder!
You kill the adder!
The orc hits you but does no damage.
You hit the orc.
The orc is heavily wounded.
The orc hits you but does no damage. The orc hits you with a +0 short sword.
You slash the orc!
You kill the orc!
You block the orc's attack.
You barely miss the orc. You block the orc's attack.
The orc hits you but does no damage.
You barely miss the orc. The orc hits you with a +0 mace.
You barely miss the orc. The orc completely misses you.
The orc hits you with a +0 short sword.
You hit the orc.
The orc is severely wounded.
The orc hits you but does no damage. The orc closely misses you.
The orc barely misses you. The orc closely misses you.
You hit the orc.
You kill the orc!
The orc closely misses you. You block the orc's attack.
Items here: )) [[ †.
You slash the orc!
You kill the orc!
You block the orc's attack. The orc misses you.
Things that are here:
a +0 mace; a +0 leather armour You hit the orc.
The orc is heavily wounded.
The orc hits you with a +2 dagger of electrocution.
Your blood congeals into armour.
You are electrocuted!!
Ouch! That really hurt!
You die...

#...#######
+.........#
#.........# .
.........##..
..........
#..#...
#.o#.# #.@).#
#.#..#
#.#$.###
#.#....#
#.#..#.#
###....#<#
#..^.....#
#$....>..#
#.$......#


You could see an orc.

Vanquished Creatures
  An adder (D:2)
  2 dart slugs (D:1)
  3 orcs (D:2)
  6 ball pythons (D:1)
  5 endoplasms (D:1)
  A giant cockroach (D:1)
  4 goblins (D:1)
  3 hobgoblins (D:1)
  A jackal (D:1)
  4 kobolds (D:1)
  3 frilled lizards (D:1)
  5 rats (D:1)
38 creatures vanquished.

Notes
Turn   | Place    | Note
-------+----------+-------------------------------------------
     0 | D:1      | Silvore the Demonspawn Fighter began the quest for the Orb.
     0 | D:1      | Reached XP level 1. HP: 18/18 MP: 1/1
   116 | D:1      | Gained mutation: When seriously injured, your blood forms
                  | armour. (AC +6) [demonic ancestry]
   116 | D:1      | Reached XP level 2. HP: 17/24 MP: 2/2
   481 | D:1      | Reached XP level 3. HP: 15/29 MP: 3/3
  1283 | D:2      | Slain by an orc

Illustrated notes

Levels and vault maps discovered:
D:1:      lemuel_arrival_tunnels, layout_basic, minmay_tromino_v4_a
D:2:      layout_basic, serial_aquarium, aquarium_bridge_square
          [aquarium_subvault_bridge, aquarium_subvault_balcony,
          aquarium_subvault_balcony, aquarium_subvault_bridge],
          aquarium_window_fake, aquarium_window_1, aquarium_window_1,
          aquarium_window_fake, aquarium_view_2b, aquarium_balcony_3a,
          aquarium_pool_2, uniq_terence

Skill      XL: |  1  2 |
---------------+-------+-----
Long Blades    | 2 |  2.5
Armour         | 3 |  3.2
Fighting       | |  3.4
Dodging        | |  0.1
Stealth        | |  0.1
Shields        | |  2.9

Action                     || total
---------------------------++-------
  Melee: Long sword        ||    99
    Use: Scroll            ||     1
 Armour: Scale mail        ||    65
  Dodge: Dodged            ||    41
  Block: Buckler           ||    17
